 Dungeon Crawl Stone Soup version 0.17.0-18-gaab0e96 (webtiles) character file.

30 JudasIscariot the Ducker (level 3, -1/19 HPs)
             Began as a Spriggan Abyssal Knight on Nov 11, 2015.
             Was a Follower of Lugonu.
             Slain by Terence
             ... wielding a +0 mace
              (7 damage)
             ... on level 2 of the Dungeon.
             The game lasted 00:03:51 (1345 turns).

JudasIscariot the Ducker (Spriggan Abyssal Knight)  Turns: 1345, Time: 00:03:51

Health: -1/19      AC:  2    Str:  8    XL:     3   Next: 5%
Magic:  5/5        EV: 19    Int: 13    God:    Lugonu [*.....]
Gold:   40         SH:  0    Dex: 16    Spells: 0 memorised, 2 levels left

rFire  . . .     SeeInvis +     a - +1 short sword
rCold  . . .     Clarity  .     b - +0 robe
rNeg   . . .     SustAt   .     (shield restricted)
rPois  .         Gourm    .     (helmet restricted)
rElec  .         Spirit   .     (no cloak)
rCorr  .         Warding  .     (gloves unavailable)
rMut   .         Stasis   .     (boots unavailable)
MR     .....                    (no amulet)
Stlth  ++........               (no ring)
                                (no ring)

@: very quick, not resistant to hostile enchantments, unstealthy
A: unfitting armour, see invisible, herbivore 3, speed 3, slow metabolism 2
a: Depart the Abyss, Renounce Religion


You were on level 2 of the Dungeon.
You worshipped Lugonu.
Lugonu was aware of your devotion.
You were not hungry.

You visited 1 branch of the dungeon, and saw 2 of its levels.
You visited the Abyss 1 time.

You collected 40 gold pieces.

Inventory:

Hand Weapons
 a - a +1 short sword (weapon)
Armour
 b - a +0 robe (worn)
Scrolls
 e - a scroll of amnesia {unknown}
 f - a scroll of fear {unknown}
 i - a scroll of teleportation {unknown}
 j - a scroll of immolation {unknown}
 k - a scroll of noise {unknown}
 m - a scroll of identify {unknown}
Potions
 d - a potion of haste
 g - 2 potions of curing
 h - a potion of heal wounds {unknown}
 l - a potion of degeneration {unknown}
Comestibles
 c - 2 bread rations


   Skills:
 * Level 2.7 Fighting
 * Level 2.4 Short Blades
 * Level 4.2 Dodging
 * Level 1.4 Stealth
 * Level 2.0 Invocations


You had 2 spell levels left.
You didn't know any spells.

Dungeon Overview and Level Annotations

Branches:
Dungeon (2/15)

Altars:

Annotations:
D:2 Terence


Innate Abilities, Weirdness & Mutations

You are tiny and cannot use many weapons and most armour.
You have supernaturally acute eyesight.
You are a herbivore.
You cover ground extremely quickly.
You need consume almost no food.


Message History

You hit Terence but do no damage.
Terence is heavily wounded.
Terence hits you but does no damage.
You hit Terence but do no damage.
Terence is heavily wounded.
Terence misses you.
You hit Terence but do no damage.
Terence is heavily wounded.
Terence hits you with a mace.
Terence says, "Don't bother to defend, it's useless."
Terence hits you with a mace.
You bump into the rock wall.
Terence hits you with a mace!
* * * LOW HITPOINT WARNING * * *
You barely miss Terence.
Terence is heavily wounded.
Terence barely misses you. x2
Drink which item? (? for menu, Esc to quit)
It was a potion of curing.
You feel better. Terence hits you with a mace. Terence hits you with a mace!
You die...

## .. . ####.
....... #######
....#..##...... #
.#.....#...#.# .
...(...@@#...# #
.......#...#
....#..##.## #
#..##..##.# ## .
##..#...##.###...#
.
......[..........#
##......##.###.#.#
.......# #.###.#.#
.#.
#...###........
#..


You could see Terence.

Vanquished Creatures
  An adder (D:2)
  3 bats (D:1)
  2 goblins (D:1)
  4 hobgoblins
  A ball python (D:1)
  5 kobolds
  3 rats
19 creatures vanquished.

Notes
Turn   | Place    | Note
--------------------------------------------------------------
     0 | Abyss:1  | JudasIscariot the Spriggan Abyssal Knight began the quest for the Orb.
     0 | Abyss:1  | Reached XP level 1. HP: 11/11 MP: 3/3
    31 | Abyss:1  | Found a corrupted altar of Lugonu.
    93 | D:1      | Escaped the Abyss
   355 | D:1      | Reached XP level 2. HP: 10/16 MP: 4/4
   380 | D:1      | Reached skill level 4 in Dodging
   616 | D:1      | Reached skill level 1 in Stealth
  1034 | D:2      | Reached XP level 3. HP: 5/19 MP: 5/5
  1309 | D:2      | Noticed Terence
  1345 | D:2      | Slain by Terence

Action                   || total
-------------------------++-------
Melee: Short sword       ||    83
  Use: Potion            ||     1
 Stab: Sleeping          ||     1
